 Dungeon Crawl Stone Soup version 0.20-a0-350-ga83eecc (webtiles) character file.

63 Faca the Skirmisher (level 4, -3/37 HPs)
             Began as a Formicid Fighter on Dec 24, 2016.
             Slain by Purgy (5 damage)
             ... on level 3 of the Dungeon.
             The game lasted 00:05:24 (1460 turns).

Faca the Skirmisher (Formicid Fighter)              Turns: 1460, Time: 00:05:25

Health: -3/37      AC:  7    Str: 26    XL:     4   Next: 30%
Magic:  4/4        EV:  8    Int:  7    God:
Gold:   84         SH: 10    Dex: 11    Spells: 3/3 levels left

rFire  . . .     SeeInvis +     a - +1 war axe
rCold  . . .     Gourm    .     b - +0 scale mail
rNeg   + . .     Faith    .     c - +0 shield
rPois  .         Spirit   .     (helmet unavailable)
rElec  .         Reflect  .     (no cloak)
rCorr  .         Harm     .     (no gloves)
MR     .....                    (no boots)
Stlth  ..........               m - amulet of regeneration
                                (no ring)
                                i - ring of positive energy

@: mighty
A: permanent stasis, dig shafts and tunnels, four strong arms, antennae 3
a: Dig, Shaft Self


You were on level 3 of the Dungeon.
You were not hungry.

You visited 1 branch of the dungeon, and saw 3 of its levels.

You collected 84 gold pieces.

Inventory:

Hand Weapons
 a - a +1 war axe (weapon)
Armour
 b - a +0 scale mail (worn)
 c - a +0 shield (worn)
Jewellery
 i - a ring of positive energy (left hand)
 m - an amulet of regeneration (around neck)
Scrolls
 e - a scroll of fear
Potions
 k - 3 potions of agility
Comestibles
 f - 4 bread rations
 g - a slice of pizza
 h - a meat ration
 j - 2 fruits


   Skills:
 + Level 4.0 Fighting
 + Level 2.6 Axes
 + Level 3.9 Armour
 + Level 0.5 Dodging
 + Level 0.3 Stealth
 + Level 3.9 Shields


You had 3 spell levels left.
You didn't know any spells.

Dungeon Overview and Level Annotations

Branches:
Dungeon (3/15)

Altars:

Annotations:
D:3 Purgy


Innate Abilities, Weirdness & Mutations

You cannot be hasted, slowed, berserked, paralysed or teleported.
You can dig through walls and to a lower floor.
Your four strong arms can wield two-handed weapons with a shield.
You have a pair of large antennae on your head. (SInv)


Message History

You completely miss Purgy.
Purgy is severely wounded.
Purgy bites you.
* * * LOW HITPOINT WARNING * * *
Purgy completely misses you. Purgy claws you but does no damage.
Purgy bites you but does no damage. You block Purgy's attack.
Purgy claws you but does no damage.
Unknown command.
You slash Purgy!
Purgy is almost dead.
Purgy barely misses you. You block Purgy's attack. x2
You barely miss Purgy.
Purgy is almost dead.
You block Purgy's attack. Purgy claws you but does no damage. Purgy claws you.
* * * LOW HITPOINT WARNING * * *
You barely miss Purgy.
Purgy is almost dead.
Purgy bites you but does no damage. Purgy claws you but does no damage. x2
Purgy bites you.
You die...

###............,* *,,,,,,*
#.......#######** *,,,,,,*
#.#####################*+*****
#.# #.............#*,* #.#
#.............#*,* #.#
#.....$.......#*+****** #.#
#...............,,,,,,* #.#
#......T........,,,,,,* #.#
#......@........,,,,,,* #.#
#####.............#*,******
#.# #................<#*,* #.#
#.##..............#*,*
#.###.##..............+,,*
#.....##..............#***
########.########†#####
#..,,,,* *.# ###***,* *.#


You could see Purgy.

Vanquished Creatures
  An adder (D:2)
  2 worms (D:2)
  2 dart slugs
  2 leopard geckos
  5 bats
  5 giant cockroaches
  3 goblins
  2 hobgoblins
  3 jackals (D:1)
  8 kobolds
  A quokka (D:3)
  2 frilled lizards
36 creatures vanquished.

Notes
Turn   | Place    | Note
-------+----------+-------------------------------------------
     0 | D:1      | Faca the Formicid Fighter began the quest for the Orb.
     0 | D:1      | Reached XP level 1. HP: 18/18 MP: 1/1
   173 | D:1      | Reached XP level 2. HP: 23/24 MP: 2/2
   458 | D:1      | Reached XP level 3. HP: 30/30 MP: 3/3
  1217 | D:2      | Reached XP level 4. HP: 37/37 MP: 4/4
  1288 | D:3      | Reached skill level 4 in Fighting
  1431 | D:3      | Noticed Purgy
  1457 | D:3      | HP: 1/37 [Purgy (4)]
  1460 | D:3      | Slain by Purgy

Vault maps used:
D:1:      mrwooster_arrival_statue_2
D:2:      minmay_strange_pillars
D:3:      kennysheep_generic_room_5, uniq_purgy

Skill      XL: |  1  2  3  4 |
---------------+-------------+-----
Fighting       | 4 |  4.0
Axes           | |  2.6
Armour         | |  3.9
Dodging        | |  0.5
Stealth        | |  0.3
Shields        | |  3.9

Action                   |  1- 3 |  4- 6 || total
-------------------------+-------+-------++-------
Melee: War axe           |    91 |    55 ||   146
  Use: Scroll            |     5 |     3 ||     8
       Potion            |       |     1 ||     1
  Eat: Chunk             |     1 |     1 ||     2
Armor: Scale mail        |    49 |    54 ||   103
Dodge: Dodged            |    34 |    27 ||    61
Block: Shield            |    61 |    57 ||   118
